AoeStats
← 文風

Arena

505965430Analyzed
1v1 RM · 20d ago on Sep 11, 2026· 32m 40s· 2 players
Game mode
Random Map
Map size
Tiny (2 player)
Population
200
Speed
Normal
Resources
Standard
Victory
Conquest
Starting age
Dark Age
Ending age
Imperial Age
RankedLock teamsTeams togetherTeam positionsShared explorationLock speedFull tech treeHidden civsTurbo modeCheats
Victory
Defeat
🇭🇰 Turks · Hong Kong SAR China
1409
+15
🇧🇷 Burgundians · Brazil
1388
-15
Metal Barizon
3:46 Double-Bit Axe
8:55 Feudal Age
10:01 Bow Saw
10:04 Horse Collar
15:40 Fletching
16:05 Loom
19:23 Castle Age
19:46 Heavy Plow
20:26 Wheelbarrow
23:35 Gold Mining
24:24 Bodkin Arrow
24:30 Padded Archer Armor
24:53 Town Watch
24:41 Elite Skirmisher
26:03 Leather Archer Armor
27:33 Scale Barding Armor
28:37 Husbandry
27:57 Cavalier
29:58 Chain Barding Armor
文風
13:27 Feudal Age
17:04 Castle Age
15:13 Double-Bit Axe
16:05 Horse Collar
19:02 Gold Mining
24:35 Imperial Age
24:53 Padded Archer Armor
25:49 Leather Archer Armor
29:20 Ring Archer Armor
Connection lost

Rejoining the realm…

Still unreachable

The connection could not be restored.

Session expired

The server has moved on; the page needs a fresh start.